 Dungeon Crawl Stone Soup version 0.22-a0-305-gd21a89c (webtiles) character file.

9998 Gorice the Grappler (level 11, 0/75 HPs)
             Began as a Demonspawn Wanderer on Mar 30, 2018.
             Slain by Sonja
             ... wielding a +0 dagger of distortion
              (4 damage)
             ... on level 3 of the Lair of Beasts on Mar 31, 2018.
             The game lasted 01:07:36 (14025 turns).

Gorice the Grappler (Demonspawn Wanderer)          Turns: 14025, Time: 01:07:37

Health: 0/75       AC: 16    Str: 16    XL:     11   Next: 30%
Magic:  12/12      EV: 13    Int: 13    God:
Gold:   653        SH:  0    Dex: 15    Spells: 12/12 levels left

rFire    . . .     SeeInvis .     - Unarmed
rCold    . . .     Gourm    .   (no shield)
rNeg     . . .     Faith    .   J - +0 plate armour
rPois    .         Spirit   .   (no helmet)
rElec    .         Reflect  .   h - +1 cloak
rCorr    .         Harm     .   (no gloves)
MR       .....                  (no boots)
Stlth    ..........             (no amulet)
HPRegen  0.22/turn              y - +4 ring of evasion
MPRegen  0.13/turn              j - +3 ring of evasion

@: no status effects
A: claws 2, thin skeletal structure 1, demonic guardian 1
a: no special abilities


You were on level 3 of the Lair of Beasts.
You were very hungry.

You visited 2 branches of the dungeon, and saw 11 of its levels.
You also visited: Ossuary.

You collected 653 gold pieces.

Inventory:

Hand Weapons
 a - a +3 scythe of venom
   (You took it off Sigmund on level 4 of the Dungeon)
 b - a +0 hunting sling
 A - a +1 trident of piercing
   (You found it on level 1 of the Lair of Beasts)
Missiles
 p - 7 silver javelins
 M - 92 sling bullets
 N - 4 silver tomahawks
 Y - 347 stones (quivered)
Armour
 h - a +1 cloak (worn)
 J - a +0 plate armour (worn)
Jewellery
 g - an uncursed ring of protection from magic
 j - a +3 ring of evasion (right claw)
 y - a +4 ring of evasion (left claw)
Wands
 d - a wand of acid (7)
 w - a wand of enslavement (29)
 C - a wand of flame (13)
 F - a wand of digging (16)
 P - a wand of random effects (29)
Scrolls
 e - 4 scrolls of remove curse
 k - 3 scrolls of fog
 q - a scroll of fear {!r}
 D - a scroll of teleportation {!r}
 Q - 4 scrolls of identify
Potions
 i - 2 potions of lignification {!q}
 l - a potion of heal wounds {!q}
 n - a potion of invisibility {!q}
 u - 5 potions of curing
 v - a potion of cancellation {!q}
 G - a potion of might {!q}
 H - a potion of haste {!q}
Comestibles
 f - 24 rations


   Skills:
 - Level 3.0 Fighting
 - Level 9.0 Polearms
 - Level 1.0 Throwing
 + Level 9.2 Armour
 - Level 1.0 Dodging
 - Level 1.0 Stealth
   Level 1.0 Shields
 * Level 10.1 Unarmed Combat
 - Level 1.0 Spellcasting
   Level 1.7 Ice Magic


You had 12 spell levels left.
You didn't know any spells.

Dungeon Overview and Level Annotations

Branches:
Dungeon (8/15)             Temple (0/1) D:4            Lair (3/6) D:8
 Shoals (0/4) Lair:2
  Snake: Lair:2-4    Spider: Lair:2-4

Altars:
Ashenzari
Gozag
Hepliaklqana
Kikubaaqudgha
Nemelex Xobeh
Qazlal
Ru
Vehumet
Wu Jian
Yredelemnul
The Shining One

Shops:
D:4 [[   D:5 ?

Annotations:
D:4 2 transporters


Innate Abilities, Weirdness & Mutations

You have very sharp fingernails.
You have a somewhat thin skeletal structure. (Dex +2, Stealth)
A weak demonic guardian rushes to your aid.


Message History

The polar bear claws you.
Your iron imp hits the polar bear.
Damage: 2 (max 11)
You scratch the polar bear but do no damage.
The polar bear is severely wounded.
The polar bear goes berserk!
Unknown command.
You scratch the polar bear but do no damage.
The polar bear is severely wounded.
The polar bear bites you but does no damage.
The polar bear barely misses you.
The polar bear claws you but does no damage.
Your iron imp hits the polar bear but does no damage.
Unknown command.
You scratch the polar bear.
The polar bear is almost dead.
The polar bear bites you. The polar bear closely misses you.
The polar bear barely misses you.
Your iron imp hits the polar bear.
Damage: 3 (max 11) Unknown command.
You claw the polar bear!
The polar bear is almost dead.
The polar bear bites you but does no damage.
The polar bear closely misses you. The polar bear barely misses you.
The polar bear bites you!
* * * LOW HITPOINT WARNING * * *
The polar bear barely misses you. The polar bear closely misses you.
Damage: 15 (max 15)
You scratch the polar bear.
You kill the polar bear!
Something hits your iron imp.
Space warps horribly around your iron imp!
Your iron imp dies!
Something hits you but does no damage. Space bends around you.
* * * LOW HITPOINT WARNING * * *
Deactivating autopickup; reactivate with Ctrl-A.
Something hits you but does no damage. Space warps horribly around you!
* * * LOW HITPOINT WARNING * * *
Something hits you but does no damage. Space bends around you.
* * * LOW HITPOINT WARNING * * *
Things that are here:
a polar bear corpse; a crocodile corpse; Damage: 14 (max 14) Unknown command.
Evoke which item? (* to show all) (? for menu, Esc to quit)
Aiming: Enslavement
Press: ? - help, Shift-Dir - straight line Nothing appears to happen.
Something barely misses you. Something hits you but does no damage.
Space warps horribly around you!
* * * LOW HITPOINT WARNING * * *
Something hits you but does no damage. Space bends around you.
You die...

#...>.!.# ##..#
#..........# ##..#
#.............# #...##
#............P# #....#
..............# #....#
.###P........######....#
###......####.....###
#.#..### ##@(.#
###.##..(## ..?.....#.#
.........## ##.#.#...#
.........# .........#
.........# ..>..#..##


There were no monsters in sight!

Vanquished Creatures
  A hydra (Lair:2)
  2 two-headed ogres
  A cyclops (D:7)
  2 black mambas (Lair:2)
  A spiny frog (Lair:2)
  A polar bear (Lair:3)
  6 hippogriffs
  Sigmund (D:4)
  A basilisk (Lair:2)
  A yak (Lair:3)
  Eustachio (D:4)
  A water moccasin (Lair:1)
  3 porcupines
  2 orc warriors
  A sky beast (D:7)
  An ice beast (D:7)
  A phantom (D:6)
  2 centaurs
  4 ogres
  4 crocodiles
  Blork the orc (D:5)
  6 bullfrogs
  2 water moccasin zombies (Ossuary)
  A wyvern skeleton (D:8)
  A scorpion (D:7)
  9 wights (D:7)
  4 howler monkeys
  2 crimson imps
  A quasit (D:8)
  Crazy Yiuf (D:2)
  A bullfrog zombie (D:5)
  4 jellies
  2 hounds
  11 orc wizards
  2 bullfrog skeletons
  4 orc priests
  A gnoll shaman (D:6)
  Natasha (twice) (D:2)
  A worker ant (D:4)
  2 big kobold zombies (Ossuary)
  2 mummies (Ossuary)
  A howler monkey zombie (D:5)
  15 adders
  10 gnolls
  A shadow imp (D:5)
  6 oozes
  5 adder zombies
  3 worms
  3 dart slugs (D:3)
  3 leopard geckos
  18 orcs
  3 giant cockroaches
  4 gnoll zombies (Ossuary)
  12 goblins
  9 hobgoblins
  13 jackals
  9 kobolds
  4 quokkas
  A ball python (D:1)
  10 bats
  7 frilled lizards
  A goblin zombie (D:4)
  5 hobgoblin zombies (Ossuary)
  4 kobold zombies (Ossuary)
  3 orc zombies (Ossuary)
  2 quokka skeletons
  A quokka zombie (D:4)
  3 rats
  A plant (Lair:1)
254 creatures vanquished.

Vanquished Creatures (collateral kills)
  Joseph (D:7)
  A gargoyle (D:7)
  A spiny frog (Lair:1)
  2 hippogriffs
  An orc warrior (D:7)
  A sky beast (D:6)
  An ice beast (D:5)
  A centaur (D:6)
  A bullfrog (D:7)
  2 water moccasin zombies (Ossuary)
  An orc wizard (D:6)
  Jessica (D:2)
  An iguana (D:4)
  A big kobold zombie (Ossuary)
  A gnoll (D:5)
  A leopard gecko (D:7)
  5 orcs
  A kobold (D:4)
  2 hobgoblin zombies (Ossuary)
  A kobold zombie (Ossuary)
  A fungus (Lair:2)
28 creatures vanquished.

Vanquished Creatures (others)
  A sky beast (D:6)
  A fungus (Lair:3)
2 creatures vanquished.

Grand Total: 284 creatures vanquished

Notes
Turn   | Place    | Note
-------+----------+-------------------------------------------
     0 | D:1      | Gorice the Demonspawn Wanderer began the quest for the Orb.
     0 | D:1      | Gorice set off with: a +0 spear, a +0 buckler, a +0 robe, a ration
     0 | D:1      | Reached XP level 1. HP: 18/18 MP: 2/2
   231 | D:1      | Reached skill level 1 in Polearms
   281 | D:1      | Gained mutation: You have a somewhat thin skeletal structure. (Dex +2, Stealth) [demonic ancestry]
   281 | D:1      | Reached XP level 2. HP: 21/24 MP: 3/3
   378 | D:1      | Reached skill level 2 in Polearms
   858 | D:1      | Gained mutation: A weak demonic guardian rushes to your aid. [demonic ancestry]
   858 | D:1      | Reached XP level 3. HP: 22/29 MP: 4/4
  1462 | D:2      | Found a hazy altar of Hepliaklqana.
  1580 | D:2      | Noticed Natasha
  1587 | D:2      | Killed Natasha
  1587 | D:2      | Reached skill level 3 in Polearms
  1883 | D:2      | Noticed Jessica
  1891 | D:2      | Killed Jessica
  1891 | D:2      | Reached XP level 4. HP: 31/35 MP: 5/5
  2113 | D:2      | Found a runed door.
  2120 | D:2      | Noticed Natasha
  2139 | D:2      | HP: 7/35 [something (5)]
  2147 | D:2      | Killed Natasha
  2157 | D:2      | Noticed Crazy Yiuf
  2164 | D:2      | Killed Crazy Yiuf
  2164 | D:2      | Reached skill level 4 in Polearms
  2164 | D:2      | Reached skill level 1 in Armour
  2244 | D:3      | Reached XP level 5. HP: 25/41 MP: 6/6
  2965 | D:3      | HP: 12/41 [orc wizard/magic dart (9)]
  2972 | D:3      | HP: 4/41 [orc wizard/magic dart (8)]
  3175 | D:3      | Found a glowing golden altar of the Shining One.
  3269 | D:3      | Found a faded altar of an unknown god.
  3536 | D:4      | Found a stormy altar of Qazlal.
  3551 | D:4      | Reached skill level 2 in Armour
  3551 | D:4      | Reached XP level 6. HP: 24/47 MP: 7/7
  3572 | D:4      | Found a staircase to the Ecumenical Temple.
  3686 | D:4      | Found a radiant altar of Vehumet.
  3687 | D:4      | Noticed Sigmund
  3715 | D:4      | HP: 14/47 [poisoned by Sigmund]
  3727 | D:4      | HP: 14/47 [poisoned by Sigmund]
  3728 | D:4      | Killed Sigmund
  3728 | D:4      | Reached skill level 5 in Polearms
  3732 | D:4      | HP: 12/47 [poisoned by Sigmund]
  3739 | D:4      | HP: 10/47 [poisoned by Sigmund]
  3746 | D:4      | HP: 9/47 [poisoned by Sigmund]
  3754 | D:4      | HP: 8/47 [poisoned by Sigmund]
  3757 | D:4      | Found Plog's Armour Boutique.
  3780 | D:4      | Found a sand-covered staircase.
  3791 | D:4      | HP: 13/47 [quokka zombie (1)]
  3999 | Ossuary  | Entered an ossuary
  4329 | Ossuary  | Reached skill level 3 in Armour
  4329 | Ossuary  | Reached XP level 7. HP: 52/52 MP: 8/8
  4336 | Ossuary  | Reached skill level 6 in Polearms
  5256 | D:4      | Found an opulent altar of Gozag.
  5314 | D:4      | Found a transporter.
  5720 | D:4      | Noticed a two-headed ogre
  5744 | D:4      | Found a transporter.
  5756 | D:4      | Killed a two-headed ogre
  5756 | D:4      | Reached skill level 7 in Polearms
  5756 | D:4      | Reached skill level 4 in Armour
  5756 | D:4      | Reached XP level 8. HP: 58/58 MP: 9/9
  5879 | D:4      | Reached skill level 8 in Polearms
  5997 | D:4      | Noticed Eustachio
  6007 | D:4      | Killed Eustachio
  6007 | D:4      | Reached skill level 5 in Armour
  6049 | D:4      | Found Xacumo Sami's Antique Armour Shop.
  6196 | D:5      | Entered Level 5 of the Dungeon
  6323 | D:5      | Got a distressingly furry leather armour
  6328 | D:5      | Noticed Blork the orc
  6345 | D:5      | Killed Blork the orc
  6361 | D:5      | Found Ucwanna's Magic Scroll Shoppe.
  6686 | D:5      | Found an ornate altar of the Wu Jian Council.
  7186 | D:6      | Reached skill level 9 in Polearms
  7186 | D:6      | Gained mutation: You have sharp fingernails. [demonic ancestry]
  7186 | D:6      | Reached XP level 9. HP: 63/63 MP: 10/10
  7323 | D:6      | Reached skill level 1 in Unarmed Combat
  7390 | D:6      | HP: 18/63 [something/puff of flame (4)]
  7392 | D:6      | Reached skill level 2 in Unarmed Combat
  7619 | D:6      | Reached skill level 6 in Armour
  7624 | D:6      | Found a sparkling altar of Nemelex Xobeh.
  7741 | D:6      | Found a shattered altar of Ashenzari.
  7761 | D:6      | Reached skill level 3 in Unarmed Combat
  7792 | D:6      | Identified the +2 leather armour "Wiperus" {Int+3 Dex+5 Slay-4} (You found it on level 5 of the Dungeon)
  8179 | D:7      | Noticed Joseph
  8196 | D:7      | Killed Joseph
  8196 | D:7      | Reached skill level 4 in Unarmed Combat
  8442 | D:7      | Reached skill level 5 in Unarmed Combat
  8532 | D:7      | Reached skill level 7 in Armour
  8578 | D:7      | Found a sacrificial altar of Ru.
  8717 | D:7      | Noticed a gargoyle
  8730 | D:7      | Killed a gargoyle
  8730 | D:7      | Reached skill level 6 in Unarmed Combat
  8730 | D:7      | Gained mutation: You have very sharp fingernails. [demonic ancestry]
  8730 | D:7      | Reached XP level 10. HP: 41/70 MP: 11/11
  8925 | D:7      | Found a basalt altar of Yredelemnul.
  9199 | D:7      | Noticed a cyclops
  9248 | D:7      | Killed a cyclops
  9590 | D:8      | HP: 21/70 [something/puff of flame (7)]
  9590 | D:8      | HP: 9/70 [orc priest/divine providence (12)]
  9601 | D:8      | HP: 9/70 [something/puff of flame (2)]
  9909 | D:7      | Reached skill level 7 in Unarmed Combat
 10054 | D:8      | Noticed a two-headed ogre
 10085 | D:8      | Killed a two-headed ogre
 10168 | D:8      | Found an ancient bone altar of Kikubaaqudgha.
 10239 | D:8      | Reached skill level 8 in Armour
 10290 | D:8      | Found a staircase to the Lair.
 10494 | D:8      | Reached skill level 8 in Unarmed Combat
 10666 | Lair:1   | Entered Level 1 of the Lair of Beasts
 10797 | Lair:1   | You fall through a shaft!
 10819 | Lair:2   | Noticed a five-headed hydra
 11376 | Lair:1   | Noticed a spiny frog
 11381 | Lair:1   | Killed a spiny frog
 11393 | Lair:1   | HP: 21/70 [poisoned by a spiny frog]
 11399 | Lair:1   | HP: 17/70 [poisoned by a spiny frog]
 11405 | Lair:1   | HP: 14/70 [poisoned by a spiny frog]
 11410 | Lair:1   | HP: 14/70 [poisoned by a spiny frog]
 11417 | Lair:1   | HP: 13/70 [poisoned by a spiny frog]
 11425 | Lair:1   | HP: 13/70 [poisoned by a spiny frog]
 11877 | Lair:2   | Reached skill level 9 in Unarmed Combat
 11889 | Lair:2   | Noticed a black mamba
 11894 | Lair:2   | HP: 21/70 [hippogriff (5)]
 11896 | Lair:2   | HP: 9/70 [hippogriff (5)]
 12204 | Lair:2   | Killed a five-headed hydra
 12204 | Lair:2   | Reached XP level 11. HP: 24/75 MP: 12/12
 12219 | Lair:2   | HP: 20/75 [hippogriff (7)]
 12248 | Lair:2   | HP: 9/75 [black mamba (10)]
 12252 | Lair:2   | HP: 3/75 [poisoned by a black mamba]
 12258 | Lair:2   | HP: 17/112 [black mamba (3)]
 12757 | Lair:2   | Found a staircase to the Shoals.
 13205 | Lair:2   | Reached skill level 9 in Armour
 13913 | Lair:3   | Reached skill level 10 in Unarmed Combat
 14024 | Lair:3   | HP: 22/75 [something (4)]
 14025 | Lair:3   | HP: 4/75 [something (19)]
 14025 | Lair:3   | Slain by Sonja

Vault maps used:
D:1:      tarquinn_simple_flora_water_f, minmay_tromino_v4_c
D:2:      lemuel_round_altar, uniq_jessica, uniq_natasha,
          uniq_crazy_yiuf_cottage
D:3:      lemuel_doored_altar, chequers_ecumenical_altar_grove, st_stairs_3
D:4:      gammafunk_cloud_chamber, old_standard_altar, grunt_gozag_breadcrumbs,
          vehumet_altar_wand_db, minmay_temple_entry_junction_2, first_ration,
          enter_ossuary_4, serial_shops, kennysheep_mini_moat, shop_fountains,
          wad_floor_pattern_untrapped, uniq_eustachio, uniq_sigmund
D:5:      lemuel_coloured_pillars_altar, serial_shops, shop_statue,
          minmay_tree_intersection, uniq_blork_the_orc
D:6:      cheibrodos_ashenzari_chains, marbit_many_paths, kennysheep_cross_room,
          st_stairs_8, hangedman_decor_peaks_small, serial_bayou_pond_a,
          minmay_statues_item
D:7:      nicolae_ru_the_path_less_chosen, lemuel_crystal_altar, uniq_joseph
D:8:      kiku_gazebo_pond_becter, dpeg_oklobed_lair,
          hangedman_little_slice_of_home
Lair:1:   hibernation_bobbens
Lair:2:   elwin_shoals_entry_rocks, lab_entry_generic, minmay_holes,
          grunt_megastairs_4, lemuel_fruit_fields
Lair:3:   minmay_snake_entry_six_corridors, st_stairs_3, eino_house_with_fridge,
          infiniplex_staircase_pool, uniq_sonja, uniq_prince_ribbit2
Ossuary:  ossuary_tomb_2

Skill      XL: |  1  2  3  4  5  6  7  8  9 10 11 |
---------------+----------------------------------+-----
Polearms       | 1 2 3 4 5 7 9 |  9.0
Armour         | 1 2 3 4 5 7 8 9 |  9.2
Unarmed Combat | 6 9 10 | 10.1
Fighting       | |  3.0
Throwing       | |  1.0
Dodging        | |  1.0
Stealth        | |  1.0
Shields        | |  1.0
Spellcasting   | |  1.0
Ice Magic      | |  1.7

Action                   |  1- 3 |  4- 6 |  7- 9 | 10-12 || total
-------------------------+-------+-------+-------+-------++-------
Melee: Spear             |   203 |   265 |       |       ||   468
       Scythe            |       |    38 |   399 |   162 ||   599
       Trident           |       |       |       |    13 ||    13
       Punch             |       |       |       |     6 ||     6
       Unarmed           |       |       |       |    75 ||    75
 Fire: Hunting sling     |       |       |     6 |    16 ||    22
Throw: Stone             |     9 |       |     3 |     4 ||    16
Evoke: Wand              |       |    10 |     7 |     7 ||    24
  Use: Scroll            |     8 |     3 |    10 |     3 ||    24
       Potion            |       |     5 |     2 |     6 ||    13
 Stab: Sleeping          |    10 |     1 |       |       ||    11
       Invisible         |       |     2 |       |       ||     2
       Distracted        |       |     1 |       |     2 ||     3
  Eat: Chunk             |     3 |     7 |    13 |    16 ||    39
       Ration            |       |     1 |       |       ||     1
Armor: Robe              |    18 |       |       |       ||    18
       Ring mail         |       |    56 |       |       ||    56
       Scale mail        |       |    24 |   154 |       ||   178
       Plate armour      |       |       |    77 |   181 ||   258
       Skin              |       |       |       |     3 ||     3
Dodge: Dodged            |    64 |   108 |   211 |   150 ||   533
Block: Buckler           |    11 |    20 |       |       ||    31
       Shield            |    29 |    18 |       |       ||    47

Table legend:
 A = Spawn XP
 B = Non-spawn XP
 C = Spawn XP percentage of total XP
 D = Spawn monster count
 E = Non-spawn monster count
 F = Spawn count percentage of total count
 G = Total turns spent on level
                    A         B        C        D         E        F      G
               +---------+---------+-------+---------+---------+-------+---------
         Total |       0 |   14284 |   0.0 |       0 |     281 |   0.0 | 14025
               +---------+---------+-------+---------+---------+-------+---------
           D:1 |       0 |      57 |   0.0 |       0 |      27 |   0.0 |  1327
           D:2 |       0 |     147 |   0.0 |       0 |      17 |   0.0 |  1262
           D:3 |       0 |     153 |   0.0 |       0 |      33 |   0.0 |   928
           D:4 |       0 |    1429 |   0.0 |       0 |      22 |   0.0 |  1787
           D:5 |       0 |     521 |   0.0 |       0 |      26 |   0.0 |   988
           D:6 |       0 |    1139 |   0.0 |       0 |      36 |   0.0 |  1152
           D:7 |       0 |    2728 |   0.0 |       0 |      37 |   0.0 |  1603
           D:8 |       0 |    1765 |   0.0 |       0 |      24 |   0.0 |   732
        Lair:1 |       0 |    1579 |   0.0 |       0 |      10 |   0.0 |  1851
        Lair:2 |       0 |    3658 |   0.0 |       0 |      13 |   0.0 |  1386
        Lair:3 |       0 |     699 |   0.0 |       0 |       4 |   0.0 |   117
       Ossuary |       0 |     409 |   0.0 |       0 |      32 |   0.0 |   892
               +---------+---------+-------+---------+---------+-------+---------

Table legend:
 A = Turns spent in this place as a percentage of turns spent in the entire game.
 B = Non-inter-level travel turns spent in this place as a percentage of non-inter-level travel turns spent in the entire game.
 C = Inter-level travel turns spent in this place as a percentage of turns spent in this place.
 D = Turns resting spent in this place as a percentage of non-inter-level travel turns spent in this place.
 E = Turns spent auto-exploring this place as a percentage of non-inter-level travel turns spent in this place.
 F = Non-inter-level travel turns spent in this place divided by the number of levels of this place that you've seen.
                   A       B       C       D       E      F
               +-------+-------+-------+-------+-------+----------------------
         Total | 100.0 | 100.0 |   2.4 |  35.6 |  35.3 | 1141.1
       Dungeon |  69.7 |  69.9 |   2.1 |  26.9 |  40.6 | 1196.6
          Lair |  23.9 |  23.6 |   3.8 |  50.5 |  29.2 | 1076.0
       Ossuary |   6.4 |   6.5 |   0.0 |  74.1 |   0.0 | 892.0
               +-------+-------+-------+-------+-------+----------------------

Vault maps used:
D:1:      tarquinn_simple_flora_water_f, minmay_tromino_v4_c
D:2:      lemuel_round_altar, uniq_jessica, uniq_natasha,
          uniq_crazy_yiuf_cottage
D:3:      lemuel_doored_altar, chequers_ecumenical_altar_grove, st_stairs_3
D:4:      gammafunk_cloud_chamber, old_standard_altar, grunt_gozag_breadcrumbs,
          vehumet_altar_wand_db, minmay_temple_entry_junction_2, first_ration,
          enter_ossuary_4, serial_shops, kennysheep_mini_moat, shop_fountains,
          wad_floor_pattern_untrapped, uniq_eustachio, uniq_sigmund
D:5:      lemuel_coloured_pillars_altar, serial_shops, shop_statue,
          minmay_tree_intersection, uniq_blork_the_orc
D:6:      cheibrodos_ashenzari_chains, marbit_many_paths, kennysheep_cross_room,
          st_stairs_8, hangedman_decor_peaks_small, serial_bayou_pond_a,
          minmay_statues_item
D:7:      nicolae_ru_the_path_less_chosen, lemuel_crystal_altar, uniq_joseph
D:8:      kiku_gazebo_pond_becter, dpeg_oklobed_lair,
          hangedman_little_slice_of_home
Lair:1:   hibernation_bobbens
Lair:2:   elwin_shoals_entry_rocks, lab_entry_generic, minmay_holes,
          grunt_megastairs_4, lemuel_fruit_fields
Lair:3:   minmay_snake_entry_six_corridors, st_stairs_3, eino_house_with_fridge,
          infiniplex_staircase_pool, uniq_sonja, uniq_prince_ribbit2
Ossuary:  ossuary_tomb_2
